 Dungeon Crawl Stone Soup version 0.31.0-9-g3a7656b989 (webtiles) character file.

Game seed: 4701318854962842051

111 qw the Ducker (level 4, 0/22 HPs)
             Began as a Spriggan Hunter on Feb 2, 2024.
             Slain by a hobgoblin (5 damage)
             ... on level 3 of the Dungeon.
             The game lasted 00:00:05 (1542 turns).

qw the Ducker (Spriggan Hunter)                     Turns: 1542, Time: 00:00:06

Health: 0/22       AC:  2    Str:  7    XL:     4   Next: 62%
Magic:  5/5        EV: 20    Int: 10    God:
Gold:   101        SH:  0    Dex: 20    Spells: 3/3 levels left

rFire   . . .        a - +0 shortbow (heavy)
rCold   . . .        (shield currently unavailable)
rNeg    . . .        c - +0 robe
rPois   .            (helmet restricted)
rElec   .            (no cloak)
rCorr   .            (gloves unavailable)
SInv    +            (boots unavailable)
Will    .....        e - amulet of faith
Stlth   ++           (no ring)
HPRegen 0.23/turn    (no ring)
MPRegen 0.09/turn

%: faith
@: very quick
A: very small, no large weapons, unfitting armour, see invisible, speed 3
a: no special abilities


You were on level 3 of the Dungeon.
You visited 1 branch of the dungeon, and saw 3 of its levels.

You collected 101 gold pieces.


Innate Abilities, Weirdness & Mutations

You are very small and have problems with some larger weapons.
You are too small for most types of armour.
You have supernaturally acute eyesight. (SInv)
You cover ground extremely quickly. (Speed+++)


   Skills:
 + Level 1.6 Fighting
 - Level 5.0 Ranged Weapons
 - Level 5.2 Dodging
 - Level 1.5 Stealth


You had 3 spell levels left.
You didn't know any spells.
Your spell library was empty.

Inventory:

Hand Weapons
 a - a +0 heavy shortbow (weapon)
Armour
 c - a +0 robe (worn)
Jewellery
 e - an amulet of faith (around neck)
Scrolls
 b - a scroll of identify
Potions
 i - a potion of haste

Dungeon Overview and Level Annotations

Branches:
Dungeon (3/15)

Altars:


Message History

There is an open door here.
An orc comes into view. It is wielding a +0 dagger.
You shoot an arrow. The arrow hits the orc.
The orc shouts!
The orc is heavily wounded.
You hear a shout!
A hobgoblin comes into view.
You shoot an arrow. The arrow hits the orc!
You kill the orc!
A sleepcap comes into view.
You shoot an arrow. The arrow hits the sleepcap.
The sleepcap is lightly damaged.
The sleepcap closely misses you.
You shoot an arrow. The arrow hits the sleepcap.
The sleepcap is lightly damaged.
The sleepcap completely misses you.
You shoot an arrow.
The arrow completely misses the sleepcap.
The sleepcap misses you. The hobgoblin barely misses you.
The sleepcap barely misses you.
You shoot an arrow. The arrow hits the sleepcap.
The sleepcap is heavily damaged.
The sleepcap misses you. The hobgoblin completely misses you.
The hobgoblin barely misses you. The sleepcap closely misses you.
You shoot an arrow. The arrow hits the sleepcap.
The sleepcap is severely damaged.
The sleepcap releases spores at you but does no damage.
The hobgoblin closely misses you. The hobgoblin hits you.
The sleepcap releases spores at you.
You shoot an arrow. The arrow hits the sleepcap.
The sleepcap is severely damaged.
The sleepcap misses you. The hobgoblin hits you. The hobgoblin misses you.
The sleepcap misses you.
You shoot an arrow. The arrow hits the sleepcap.
The sleepcap is almost destroyed.
The sleepcap releases spores at you. The hobgoblin closely misses you.
You shoot an arrow. The arrow hits the sleepcap.
You destroy the sleepcap!
The hobgoblin hits you. x2
You die...

##.#..#.##....#......####
##.#..#.##..#####......#
##.#..#.##..# ##.#.##.#
##.#..#.##.# #....##.#
##.#..#.### #..#.##.# #
##.#..#.####..#.##.# #
###......#.........# #
###.#..#.#'###.####### #
###.#..#.###@#...# #
###.#..#.###.g.#####
#+#.#..#.###.)..##
#.#..#.###....#. ...#.###
..##.## #..### # # #### #


You could see a hobgoblin.

Vanquished Creatures
  A sleepcap (D:3)
  An iguana (D:3)
  3 adders (D:2)
  2 ribbon worms (D:2)
  An orc (D:3)
  8 ball pythons
  3 bats (D:1)
  9 endoplasms
  2 giant cockroaches
  5 goblins
  6 hobgoblins
  3 kobolds (D:1)
  6 frilled lizards
  2 rats
52 creatures vanquished.

Notes
Turn   | Place    | Note
-------+----------+-------------------------------------------
     0 | D:1      | qw the Spriggan Hunter began the quest for the Orb.
     0 | D:1      | Reached XP level 1. HP: 10/10 MP: 2/2
     0 | D:1      | 0 ||| qw: Version: 0.3-a-155-g5e7d8dd
     0 | D:1      | 0 ||| qw: Game counter: 195
     0 | D:1      | 0 ||| qw: Melee chars always use a shield: true
     0 | D:1      | 0 ||| qw: God list: Okawaru
     0 | D:1      | 0 ||| qw: Allow faded altars: false
     0 | D:1      | 0 ||| qw: Do Orc after clearing Dungeon:15 true
     0 | D:1      | 0 ||| qw: Do second Lair branch before Depths: true
     0 | D:1      | 0 ||| qw: Lair rune preference: random
     0 | D:1      | 0 ||| qw: Goals: Normal
     0 | D:1      | 0 ||| PLANNING D:1-11
    17 | D:1      | Reached skill level 3 in Dodging
    66 | D:1      | Reached XP level 2. HP: 14/14 MP: 3/3
   432 | D:1      | Reached XP level 3. HP: 18/18 MP: 4/4
   554 | D:1      | 554 ||| UPGRADING to amulet of faith.
   559 | D:1      | 559 ||| DROPPING +6 ring of intelligence.
   560 | D:1      | 560 ||| READING scroll labelled TUMPUEGETO.
   561 | D:1      | 561 ||| READING scroll labelled AJIAHOC SYUJIJOW.
   562 | D:1      | 562 ||| READING scroll labelled CYPLAA COICVOU.
   663 | D:1      | 663 ||| READING scroll labelled GEIWKE TUOWN.
   663 | D:1      | 663 ||| IDENTIFYING puce potion
   664 | D:1      | 664 ||| READING scroll labelled BEOCEO OZEUZU.
   665 | D:1      | 665 ||| DROPPING scroll of butterflies.
   666 | D:1      | 666 ||| DROPPING potion of degeneration.
   668 | D:1      | 668 ||| Stepping ~*~*~tactically~*~*~ (cloud).
  1079 | D:2      | Reached XP level 4. HP: 22/22 MP: 5/5
  1315 | D:2      | 1315 ||| READING scroll of identify.
  1315 | D:2      | 1315 ||| IDENTIFYING metallic cyan potion
  1316 | D:2      | 1316 ||| READING scroll labelled ENIMMA OQARGH.
  1317 | D:2      | 1317 ||| READING scroll labelled RIUCRI OXTIPEHYU.
  1317 | D:2      | 1317 ||| BRANDING +0 shortbow.
  1332 | D:3      | Found a faded altar of an unknown god.
  1541 | D:3      | HP: 5/22 [sleepcap (6)]
  1542 | D:3      | Slain by a hobgoblin

Levels and vault maps discovered:
D:1:      scummos_arrival_simple_crosswalls, layout_basic, minmay_cupped
D:2:      layout_loops_ring
D:3:      minmay_razor_zed, layout_loops_cross, nicolae_tso_carved_into_rock,
          ebering_ecumenical_altar_mist, grunt_decor_resistance

Skill      XL: |  1  2  3  4 |
---------------+-------------+-----
Dodging        | 3 4 5 |  5.2
Ranged Weapons | 5 |  5.0
Fighting       | |  1.6
Stealth        | |  1.5

Action                     |  1- 3 |  4- 6 || total
---------------------------+-------+-------++-------
   Fire: Shortbow          |   105 |    32 ||   137
    Use: Scroll            |     5 |     3 ||     8
 Armour: Robe              |     5 |     8 ||    13
  Dodge: Dodged            |    36 |    17 ||    53

Table legend:
 A = Non-vault XP
 B = Vault XP
 C = Vault XP percentage of total XP
 D = Non-vault monster count
 E = Vault monster count
 F = Vault count percentage of total count
                 A         B        C        D         E       F
            +---------+---------+-------+---------+---------+-------
      Total |     147 |      49 |  25.0 |      43 |       9 |  17.3
            +---------+---------+-------+---------+---------+-------
        D:1 |      41 |       7 |  14.6 |      23 |       5 |  17.9
        D:2 |      66 |       0 |   0.0 |      17 |       0 |   0.0
        D:3 |      40 |      42 |  51.2 |       3 |       4 |  57.1
            +---------+---------+-------+---------+---------+-------
